 Dungeon Crawl Stone Soup version 0.30.2 (webtiles) character file.

Game seed: 13021192377767169703

87 porpoise the Shooter (level 4, -4/40 HPs)
             Began as a Minotaur Hunter on Feb 22, 2024.
             Slain by a gnoll
             ... wielding a +0 halberd
              (5 damage)
             ... on level 3 of the Dungeon.
             The game lasted 00:03:12 (1595 turns).

porpoise the Shooter (Minotaur Hunter)              Turns: 1595, Time: 00:03:13

Health: -4/40      AC:  5    Str: 15    XL:     4   Next: 28%
Magic:  3/3        EV: 12    Int:  6    God:
Gold:   120        SH:  0    Dex: 16    Spells: 3/3 levels left

rFire   . . .        a - +0 shortbow
rCold   . . .        (shield currently unavailable)
rNeg    . . .        c - +0 leather armour
rPois   .            (helmet restricted)
rElec   .            u - scarf {repulsion}
rCorr   .            f - +0 pair of gloves
SInv    .            s - +0 pair of boots
Will    .....        (no amulet)
Stlth   +            (no ring)
HPRegen 0.26/turn    (no ring)
MPRegen 0.08/turn

%: repel missiles
@: no status effects
A: horns 2, retaliatory headbutt
a: no special abilities


You were on level 3 of the Dungeon.
You visited 1 branch of the dungeon, and saw 3 of its levels.

You collected 120 gold pieces.

Inventory:

Hand Weapons
 a - a +0 shortbow (weapon)
 b - a +0 dagger of venom
Missiles
 k - a throwing net
 n - 2 poisoned darts
Armour
 c - a +0 leather armour (worn)
 f - a +0 pair of gloves (worn)
 s - a +0 pair of boots (worn)
 u - a scarf of repulsion (worn)
Scrolls
 d - 2 scrolls of immolation
 e - a scroll of summoning {unknown}
 j - 2 scrolls of noise {unknown}
 p - 3 scrolls of silence {unknown}
 r - a scroll of teleportation {unknown}
 t - a scroll of enchant weapon {unknown}
Potions
 g - a potion of attraction {unknown}
 h - a potion of lignification {unknown}
 i - 2 potions of magic {unknown}
 l - a potion of mutation {unknown}
 m - a potion of curing {unknown}
 o - a potion of haste {unknown}
 q - a potion of heal wounds {unknown}
 v - a potion of brilliance {unknown}


   Skills:
 + Level 3.7 Fighting
 * Level 5.8 Ranged Weapons
 - Level 2.1 Dodging
 - Level 0.7 Stealth


You had 3 spell levels left.
You didn't know any spells.
Your spell library contained the following spells:

 Spells                   Type           Power      Damage    Failure   Level
 Ensorcelled Hibernation  Hex/Ice        0%         N/A       67%         2
 Passwall                 Tmut/Erth      0%         N/A       67%         2
 Sublimation of Blood     Necr           0%         N/A       67%         2
 Wereblood                Tmut           0%         N/A       67%         2
 Dazzling Flash           Conj/Hex       0%         N/A       88%         3
 Swiftness                Air            0%         N/A       88%         3
 Agony                    Necr           0%         N/A       100%        5
 Silence                  Hex/Air        0%         N/A       100%        5
 Summon Hydra             Summ           0%         N/A       100%        7


Dungeon Overview and Level Annotations

Branches:
Dungeon (3/15)

Altars:
Makhleb


Innate Abilities, Weirdness & Mutations

You have a pair of horns on your head.
You reflexively headbutt those who attack you in melee.


Message History

You become entangled in the net!
A gnoll comes into view. It is wielding a +0 flail.
You tear a large gash into the net.
You struggle against the net.
You rip the net and break free!
The gnoll shouts!
You shoot an arrow. The arrow hits the gnoll!
The gnoll is heavily wounded.
The gnoll closely misses you. The gnoll attacks as you move away!
The gnoll hits you with a +0 whip. The gnoll attacks as you move away!
The gnoll hits you with a +0 whip. The gnoll attacks as you move away!
The gnoll misses you.
You shoot an arrow. The arrow barely misses the gnoll.
The arrow closely misses the gnoll.
You hear an angry hiss.
An adder comes into view.
The gnoll hits you with a +0 whip.
The gnoll hits you from afar with a +0 halberd!
You shoot an arrow. The arrow hits the gnoll!
You kill the gnoll!
The gnoll closely misses you.
You shoot an arrow. The arrow closely misses the adder.
The gnoll hits you from afar with a +0 halberd!
The adder bites you. The gnoll closely misses you.
You are too injured to fight recklessly!
You are too injured to fight recklessly!
Unknown command.
The adder attacks as you move away! The adder barely misses you. x2
The gnoll hits you with a +0 halberd!
* * * LOW HITPOINT WARNING * * *
You see here a +0 whip.
You shoot an arrow. The arrow hits the gnoll.
The gnoll is severely wounded.
The adder closely misses you. The gnoll hits you with a +0 halberd.
* * * LOW HITPOINT WARNING * * *
Unknown command.
You shoot an arrow. The arrow hits the gnoll.
The gnoll is almost dead.
The adder barely misses you. The gnoll hits you with a +0 halberd.
You die...

..~~~.# #~~~†# #.~..#
##....# ##.....#####
#...........
##.#.....####
###########.....##..###
#....S@gS...##.####....
....######g..#...#
#.... . #.....### ##...
#..#### #... ###g.#
#... . ##...## ####...
######..#.# #......
.......#..# #..#...
#........## #...#####


You could see 2 gnolls and 2 adders.

Vanquished Creatures
  2 adders (D:3)
  A gnoll (D:3)
  A worm (D:3)
  3 dart slugs
  4 bats
  6 endoplasms
  A giant cockroach (D:1)
  5 goblins
  7 hobgoblins
  4 quokkas
  4 ball pythons
  4 frilled lizards
  2 kobolds (D:1)
  3 rats
47 creatures vanquished.

Notes
Turn   | Place    | Note
-------+----------+-------------------------------------------
     0 | D:1      | porpoise the Minotaur Hunter began the quest for the Orb.
     0 | D:1      | Reached XP level 1. HP: 18/18 MP: 0/0
   272 | D:1      | Reached XP level 2. HP: 25/25 MP: 1/1
   432 | D:1      | Reached skill level 5 in Ranged Weapons
   801 | D:2      | Reached XP level 3. HP: 31/31 MP: 2/2
  1065 | D:2      | Found a burning altar of Makhleb.
  1531 | D:3      | Reached XP level 4. HP: 38/38 MP: 3/3
  1594 | D:3      | HP: 1/40 [gnoll/+0 halberd (4)]
  1595 | D:3      | Slain by a gnoll

Illustrated notes

Levels and vault maps discovered:
D:1:      amcnicky_arrival_single_pillar, layout_basic, st_stairs_4
D:2:      layout_basic, basic_altar
D:3:      layout_rooms, mainiacjoe_overflow_concentric_impassable,
          serial_aquarium, aquarium_bridge_straight [aquarium_subvault_bridge,
          aquarium_subvault_wall, aquarium_subvault_bridge,
          aquarium_subvault_wall], aquarium_window_1, aquarium_window_1,
          aquarium_window_2, aquarium_window_2, aquarium_view_2f,
          aquarium_balcony_1a, shapermc_ecumenical_altar_ellora,
          ebering_ghost_rock_garden, serial_bayou_pond_e,
          minmay_misc_feat_ornament

Skill      XL: |  1  2 |
---------------+-------+-----
Fighting       | 3 |  3.7
Ranged Weapons | 5 |  5.8
Dodging        | |  2.1
Stealth        | |  0.7

Action                     |  1- 3 |  4- 6 || total
---------------------------+-------+-------++-------
   Fire: Shortbow          |    99 |    20 ||   119
 Armour: Leather armour    |     8 |     4 ||    12
  Dodge: Dodged            |    18 |    14 ||    32
